Description

Cheeky Butthead Build - 2-base Nydus SH

  • 17 hatch
  • 18 gas
  • 17 pool
  • @100% queen - cancel ling speed and start lair
  • Skip 3rd base
  • 3rd queen from natural
  • 3:00 - 2nd gas
  • 3:40 - 3rd/4th gas
  • @100% Lair - Infestation Pit + Nydus worm
  • Take a 3rd when you have excess money

VOD

https://www.youtube.com/watch?v=6V3P13TPgqg

Replay - Cheeky Butthole Build

Build Order

Get SALT Encoding   

  12  0:00  Drone  
  13  0:12  Overlord  
  13  0:21  Drone  
  14  0:32  Drone x3  
  17  0:53  Hatchery  
  17  0:55  Drone x2  
  18  1:12  Extractor  
  18  1:13  Spawning Pool  
  18  1:16  Drone  
  17  1:26  Drone x2  
  19  1:38  Overlord  
  20  2:01  Queen x2  
  22  2:02  Zergling x4  
  31  2:43  Lair  
  31  2:44  Queen  
  31  2:45  Overlord  
  35  3:02  Overlord  
  35  3:05  Extractor  
  33  3:10  Zergling x4  
  42  3:23  Metabolic Boost  
  43  3:32  Overlord, Extractor  
  42  3:45  Infestation Pit  
  41  3:50  Extractor  
  46  3:57  Spore Crawler  
  46  4:01  Hatchery  
  49  4:40  Nydus Network  
  51  4:47  Overseer  
  51  4:56  Swarm Host  
  54  5:02  Zergling x10  
  59  5:09  Spore Crawler  
  54  5:15  Spore Crawler  
  42  5:29  Swarm Host x3  
  42  5:33  Nydus Canal  
  49  5:45  Queen  
  55  6:07  Swarm Host x2  
  55  6:11  Nydus Canal  
  60  6:16  Swarm Host  
  63  6:21  Queen  
  65  6:26  Swarm Host  
  68  6:35  Nydus Canal  
  68  6:48  Swarm Host x2  
  82  7:09  Spore Crawler  
  97  7:45  Spore Crawler x2  
  97  7:46  Queen x2  
  108  8:25  Roach Warren  
  113  8:31  Queen, Spore Crawler  
  114  8:36  Nydus Canal  
  110  8:57  Nydus Canal  
  113  9:13  Extractor x2, Evolution Chamber  
  108  9:22  Hatchery  
  110  9:40  Nydus Canal  
  134  9:57  Hydralisk Den  
Spawning Tool Build Advisor. Get it on Overwolf

Analysis

Notes: - 2 overlords spotting the 2 best nydus spots as far from each other as possible - A few lings nearby incase the ovies die - Nydus on opposite sides - Ctrl click or box locusts as soon as you launch them and manually click them towards the juicy targets - then swoop them in

  1. Probes are highest priority
  2. Key Tech or depowering production is nice
  3. Sniping nexus 3rd
  4. Killing army - this can be higher priority if you catch units isolated where you’ll take them out very quickly - for instance exposed HT or 1-2 immortals unsupported
  • Use focus fire and hold position micro on locusts to get maximum damage
  • You can stay on about 50 drones all game long and be fine as long as you never lose any SH you will eventually get 20, then 30 SH - to a point where your opponent can’t keep up with the free units (assuming you’ve been chipping away at them well enough)

Go to:

Details

  • Created by: PiG      
  • Published on: Jul 05, 2019
  • Patch: 4.7.1
Show
View Real Time Build Order
Export as new Build Order

Comments (0)

There are no comments. Be the first!

Create an account to comment!